 Dungeon Crawl Stone Soup version 0.20.1-1-g8b1a95d (webtiles) character file.

382116 Monsterracer the Metallomancer (level 22, -1/141 HPs)
             Began as a Gargoyle Earth Elementalist on Aug 21, 2017.
             Was the Champion of Sif Muna.
             Slain by a spark wasp (13 damage)
             ... on level 1 of the Depths on Aug 22, 2017.
             The game lasted 03:23:22 (60849 turns).

Monsterracer the Metallomancer (GrEE)              Turns: 60849, Time: 03:23:22

Health: -1/141     AC: 50    Str: 24    XL:     22   Next: 91%
Magic:  18/47      EV: 17    Int: 31    God:    Sif Muna [******]
Gold:   4515       SH:  0    Dex: 11    Spells: 1/54 levels left

rFire    + . .     SeeInvis +   a - staff of earth
rCold    . . .     Gourm    .   K - +0 buckler
rNeg     + . .     Faith    .   y - +5 ring mail of the Endless Expanse {rElec rF+}
rPois    ∞         Spirit   .   E - +2 helmet of Inviolability {Str+4 Dex+3}
rElec    +         Reflect  .   k - +2 cloak {rPois}
rCorr    .         Harm     .   w - +2 pair of gloves
MR       +....                  A - +2 pair of boots {Stlth+}
Stlth    ..........             l - amulet of regeneration
Regen    0.8/turn               x - ring of Neka {*Drain EV+4 Str+8 SInv}
MPRegen  0.3/turn               I - +6 ring of protection

@: confused, brilliant, flying, slowed, divine energy, very slow
A: big wings, thin metallic scales 1, clumsy 1, high mp 1, negative energy
resistance 1, electricity resistance, wild magic 1, unbreathing, petrification
resistance, rot immunity, AC +16
}: 2/15 runes: barnacled, gossamer
a: Stop Flying, Stop Divine Energy, Channel Magic, Forget Spell, Renounce
Religion


You were on level 1 of the Depths.
You worshipped Sif Muna.
Sif Muna was exalted by your worship.
You were very hungry.

You visited 8 branches of the dungeon, and saw 38 of its levels.
You also visited: Labyrinth and Volcano.

You collected 5274 gold pieces.
You spent 759 gold pieces at shops.

Inventory:

Hand Weapons
 b - a +4 demon whip of freezing
Armour
 k - a +2 cloak of poison resistance (worn)
 v - a +2 shield
 w - a +2 pair of gloves (worn)
 y - the +5 ring mail of the Endless Expanse (worn) {rElec rF+}
   (You found it on level 3 of the Spider Nest)

   It protects you from fire.
   It insulates you from electricity.
 A - a +2 pair of boots of stealth (worn)
 E - the +2 helmet of Inviolability (worn) {Str+4 Dex+3}
   (You found it on level 8 of the Dungeon)

   It affects your strength (+4).
   It affects your dexterity (+3).
 K - a +0 buckler (worn)
Magical Staves
 a - an uncursed staff of earth (weapon)
Jewellery
 l - an amulet of regeneration (around neck)
 x - the ring of Neka (left hand) {*Drain EV+4 Str+8 SInv}
   (You took it off a minotaur in a labyrinth)

   [ring of evasion]

   It affects your evasion (+4).
   It affects your strength (+8).
   It lets you see invisible.
   It causes draining when unequipped.
 I - a +6 ring of protection (right hand)
 L - an uncursed ring of protection from fire
Wands
 C - a wand of digging (22/24)
 O - a wand of digging (13/24)
 Q - a wand of clouds (7/9)
 R - a wand of digging (13/24)
 X - a wand of scattershot (5/9)
Scrolls
 e - 7 scrolls of blinking
 i - a scroll of magic mapping
 p - 6 scrolls of teleportation
 t - 9 scrolls of remove curse
 B - a scroll of brand weapon
 F - 6 scrolls of fog
 N - 18 scrolls of identify
 W - 3 scrolls of summoning
Potions
 c - 5 potions of magic
 g - 5 potions of invisibility
 j - 4 potions of cancellation
 m - 2 potions of brilliance
 q - 5 potions of resistance
 r - 4 potions of mutation
 u - 6 potions of agility
 V - 3 potions of haste
 Y - 13 potions of curing
Miscellaneous
 z - a crystal ball of energy
Comestibles
 d - 20 bread rations
 h - 22 meat rations
 n - 4 chunks of flesh
 s - 20 royal jellies


   Skills:
 + Level 15.7 Fighting
 - Level 15.7 Maces & Flails
 - Level 8.6 Armour
 + Level 4.7 Dodging
 - Level 2.1 Stealth
 - Level 4.3 Shields
 * Level 16.7 Spellcasting
 + Level 17.0 Conjurations
 - Level 4.9 Charms
 - Level 2.0 Summonings
 - Level 1.3 Necromancy
 - Level 1.0 Translocations
 - Level 1.0 Transmutations
   Level 5.2 Ice Magic
 * Level 23.4 Earth Magic
 - Level 8.0 Invocations


You had one spell level left.
You knew the following spells:

 Your Spells              Type           Power        Failure   Level  Hunger
a - Sandblast             Erth           ######       1%          1    None
b - Passwall              Tmut/Erth      ########..   1%          2    None
c - Stone Arrow           Conj/Erth      ######       1%          3    None
d - Lee's Rapid Deconstr  Erth           #########.   1%          5    None
e - Regeneration          Chrm/Necr      ######....   1%          3    None
f - Iron Shot             Conj/Erth      ########..   1%          6    ##.....
g - Shatter               Erth           #########.   2%          9    #######
h - Lehudib's Crystal Sp  Conj/Erth      ########..   1%          8    ######.
i - Conjure Flame         Conj/Fire      #######.     1%          3    None
j - Swiftness             Chrm/Air       ######..     1%          2    None
k - Blink                 Tloc           N/A          1%          2    None
l - Summon Butterflies    Summ           ######..     1%          1    None
m - Orb of Destruction    Conj           ########..   1%          7    ####...
z - Apportation           Tloc           ######       1%          1    None


Dungeon Overview and Level Annotations

Branches:
Dungeon (15/15)            Temple (1/1) D:6            Lair (6/6) D:11
 Shoals (4/4) Lair:3       Spider (4/4) Lair:4        Slime (0/5) Lair:6
    Orc (2/2) D:11            Elf (0/3) Orc:2        Vaults (4/5) D:13
  Crypt (0/3) Vaults:2     Depths (2/5) D:15

Altars:
Ashenzari
Cheibriados
Dithmenos
Elyvilon
Fedhas
Gozag
Hepliaklqana
Kikubaaqudgha
Makhleb
Nemelex Xobeh
Okawaru
Qazlal
Ru
Sif Muna
Trog
Uskayaw
Vehumet
Xom
Yredelemnul
Zin
The Shining One
Beogh

Shops:
D:4 [   D:7 [   D:12 }[[*(   Orc:2 }%}?   Vaults:1 %   Vaults:4 }   Depths:1 [[

Portals:
Hell: Depths:1

Annotations:
D:7 1 runed door


Innate Abilities, Weirdness & Mutations

You are resistant to torment.
Your stone body is resilient. (AC +16)
You are immune to poison.
Your large and strong wings let you fly indefinitely.
You resist negative energy. (rN+)
You are resistant to electric shocks. (rElec)
You can survive without breathing.
You are immune to petrification.
You are immune to rotting.
You are partially covered in thin metallic scales. (AC +2)
You are clumsy. (Dex -2)
You have an increased reservoir of magic. (+10% MP)
Your spells are a little harder to cast, but a little more powerful.


Message History

The spark wasp shocks you. You resist.
* * * LOW HITPOINT WARNING * * *
The spark wasp stings you but does no damage.
Huge Dmg: -12%(-17hp) hp: 4%(5hp)
You feel much better.
The spriggan shouts!
The spark wasp barely misses you.
The spark wasp stings you but does no damage.
The spriggan rider hits you but does no damage.
The spark wasp stings you!
* * * LOW HITPOINT WARNING * * *
The spark wasp shocks you. You resist.
* * * LOW HITPOINT WARNING * * *
The spark wasp closely misses you.
The glowing orange brain pulsates.
You resist with almost no effort. The spark wasp closely misses you.
The rakshasa blinks!
The spriggan rider hits you but does no damage.
The spark wasp barely misses you. x2; The spark wasp stings you!
You die...

### ####### #.. ...
##.....## ##..## ..#.
##..###..# #..... ....
##..##.##...##...###...##
#..##...#.....#..#...#...
..##....#......y@8.....#.
.##.....##.....yyGi...R..
..[.............i∩i......
.#.#.#.#.#∩.....Q.⌠......
###### # .##........c#...
.#... ...............
...... #∩##..#.#.X.....
#.....
......#...i..ci.........
#......#.........#.....


You could see a tentacled monstrosity, 2 spriggan defenders, a rakshasa, 3 spark
wasps, a spriggan rider, a tengu warrior, a glowing orange brain, a centaur
warrior, a spriggan air mage (wandering), a yaktaur (wandering) and a spriggan.

Vanquished Creatures
  A juggernaut (Depths:1)
  Bai Suzhen (Vaults:2)
  the Enchantress (Depths:1)
  Arachne (Spider:4)
  A tentacled monstrosity (Vaults:3)
  A titan (Vaults:4)
  2 sphinxes
  Agnes (D:15)
  Kirke (Shoals:3)
  A kraken (Shoals:4)
  Gastronok (Lair:1)
  Donald (Orc:2)
  A tengu reaver (Vaults:2)
  The ghost of ThereIsNoGod the Bludgeoner, an adept GrFi of Okawaru (Shoals:3)
  Ilsuiw (Shoals:4)
  4 frost giants
  13 vault wardens
  7 emperor scorpions
  3 fire giants
  4 ghost moths (Spider:4)
  2 orc warlords
  A spriggan defender (Depths:1)
  17 ironheart preservers
  10 very ugly things
  The ghost of ThereIsNoGod the Basher, a journeyman GrBe of Trog (Spider:1)
  6 stone giants
  4 entropy weavers
  A dire elephant (Lair:6)
  A deep elf demonologist (Vaults:1)
  The ghost of ThereIsNoGod the Severer, a journeyman GrBe of Trog (Spider:1)
  The ghost of Agrougrou the Carver, a journeyman BaFi of Okawaru (D:14)
  3 spark wasps (Spider:4)
  11 merfolk javelineers
  5 deep elf death magi
  6 merfolk impalers
  3 ettins
  A minotaur (Lab)
  3 fire dragons
  9 yaktaur captains
  Josephine (Shoals:1)
  A great orb of eyes (Depths:1)
  3 rakshasas
  A hydra (shapeshifter) (Vaults:4)
  Fannar (D:10)
  2 small abominations (Vaults:1)
  10 hydras
  10 vault guards
  Erica (D:8)
  3 ice dragons
  10 centaur warriors
  3 merfolk aquamancers
  4 death knights
  2 alligator snapping turtles (Shoals:4)
  7 merfolk avatars
  2 catoblepae
  6 death yaks (Lair:6)
  5 orc high priests (Orc:2)
  3 deep troll shamans
  33 two-headed ogres
  2 satyrs
  2 vampire magi
  2 deep troll earth magi (Depths:1)
  11 ogre magi
  3 hell knights (Vaults:4)
  Sonja (Lair:1)
  Nergalle (Lair:3)
  7 deep elf knights
  15 skeletal warriors
  3 shadow wraiths
  A flayed ghost (Vaults:3)
  24 deep trolls
  7 sea snakes
  3 glowing orange brains
  5 unseen horrors
  11 orc knights
  6 ironbrand convokers
  4 wizards
  2 lindwurms
  Pikel (D:7)
  The ghost of furman the Protected, a novice TeFi (D:7)
  3 phantasmal warriors
  8 deep elf archers
  9 deep elf magi
  5 necromancers
  4 orc sorcerers
  18 harpies
  35 wolf spiders
  An anaconda skeleton (Volcano)
  A wolf spider (shapeshifter) (Vaults:4)
  3 oklob plants
  An orb spider (shapeshifter) (Vaults:4)
  35 ugly things
  27 orb spiders
  5 fauns
  18 manticores
  A fire giant zombie (D:15)
  A salamander (Depths:2)
  A moth of wrath (Spider:2)
  7 cyclopes
  A salamander (shapeshifter) (Vaults:2)
  14 vault sentinels
  5 black mambas
  8 merfolk sirens
  2 centaur zombies
  12 elephants
  Joseph (D:10)
  2 torpor snails
  10 spiny frogs
  7 water nymphs
  A spiny frog (shapeshifter) (Vaults:3)
  A spriggan zombie (D:15)
  A water nymph (shapeshifter) (D:15)
  4 gargoyles
  3 rime drakes (Lair:6)
  A kobold demonologist (D:15)
  6 freezing wraiths
  A yaktaur (shapeshifter) (Vaults:3)
  51 yaktaurs
  An efreet (D:15)
  17 demonic crawlers
  5 komodo dragons
  A guardian mummy (D:15)
  3 tengu conjurers
  51 jumping spiders
  A merfolk (shapeshifter) (Depths:2)
  28 merfolk
  18 trolls
  10 slime creatures
  A wind drake (shapeshifter) (Vaults:3)
  A shadow dragon simulacrum (Vaults:3)
  7 wind drakes
  3 polar bears
  Grinder (D:3)
  A sphinx simulacrum (Vaults:1)
  A hornet (shapeshifter) (Vaults:2)
  7 snapping turtles
  16 hornets
  12 hippogriffs
  19 dream sheep
  A hippogriff (shapeshifter) (Vaults:4)
  3 flying skulls (Volcano)
  92 redbacks
  A fire dragon zombie (D:15)
  An alligator skeleton (Volcano)
  36 tarantellas
  8 water elementals
  2 shadows
  31 yaks
  Sigmund (D:2)
  A wyvern (D:14)
  2 basilisks
  12 wraiths
  2 yaks (shapeshifter)
  5 hogs (Shoals:3)
  A human (shapeshifter) (Vaults:3)
  4 vampire mosquitoes (D:15)
  A hungry ghost (D:11)
  A yaktaur simulacrum (Vaults:3)
  A harpy simulacrum (Vaults:1)
  An acid dragon (shapeshifter) (Vaults:1)
  2 acid dragons
  4 soldier ants
  3 wargs
  14 water moccasins
  A human zombie (D:15)
  3 porcupines
  A floating eye (Depths:2)
  4 sky beasts
  2 slaves (D:7)
  3 black bears
  An eye of draining (D:13)
  57 orc warriors
  2 phantoms
  3 ice beasts
  4 boggarts (Vaults:1)
  2 necrophages
  24 wolves
  51 ogres
  28 centaurs
  9 crocodiles
  A crocodile (shapeshifter) (Vaults:1)
  5 big kobolds
  15 bullfrogs
  5 gnoll sergeants (D:11)
  8 scorpions
  23 wights
  8 killer bees
  3 electric eels
  3 spriggan skeletons (Volcano)
  2 howler monkeys
  3 crimson imps
  A human simulacrum (Vaults:2)
  2 quasits
  37 orc priests
  3 bullfrog skeletons
  8 jellies
  11 centaur skeletons
  6 hounds
  19 orc wizards
  3 iguanas
  9 worker ants
  A hound zombie (D:8)
  A hound skeleton (D:6)
  A worker ant zombie (D:11)
  Robin (D:2)
  10 adders
  6 gnolls
  6 shadow imps
  An ooze (D:6)
  3 adder skeletons
  3 worms
  11 leopard geckos
  120 orcs
  4 ball pythons
  9 bats
  5 giant cockroaches
  8 hobgoblins
  4 jackals (D:4)
  15 kobolds
  4 quokkas
  7 frilled lizards
  11 goblins
  A leopard gecko skeleton (D:5)
  A quokka zombie (D:8)
  9 rats
  A crawling corpse (Vaults:1)
  2 fungi (Lair:6)
  4 plants
  2 tentacles (Shoals:4)
1722 creatures vanquished.

Vanquished Creatures (others)
  A two-headed ogre (Vaults:3)
  A shadow wraith (Vaults:2)
  A kobold demonologist (D:15)
  A jumping spider (Spider:4)
  2 tarantellas (Spider:4)
  A redback (Spider:1)
  An adder (D:7)
  A shadow imp (D:7)
  A giant cockroach (D:7)
  5 fungi
  3 plants
  3 tentacles (Shoals:4)
  A withered plant (D:15)
22 creatures vanquished.

Grand Total: 1744 creatures vanquished

Notes
Turn   | Place    | Note
-------+----------+-------------------------------------------
     0 | D:1      | Monsterracer the Gargoyle Earth Elementalist began the quest for the Orb.
     0 | D:1      | Reached XP level 1. HP: 10/10 MP: 3/3
    15 | D:1      | HP: 5/10 [frilled lizard (2)]
   297 | D:1      | Reached skill level 4 in Earth Magic
   297 | D:1      | Reached XP level 2. HP: 14/15 MP: 5/5
   375 | D:1      | HP: 7/15 [kobold/whip (2)]
  1166 | D:1      | Learned a level 2 spell: Passwall
  1204 | D:1      | Reached XP level 3. HP: 19/19 MP: 6/6
  1209 | D:1      | Learned a level 3 spell: Stone Arrow
  1464 | D:2      | Noticed Sigmund
  1471 | D:2      | Killed Sigmund
  1471 | D:2      | Reached skill level 6 in Earth Magic
  1471 | D:2      | Reached XP level 4. HP: 15/24 MP: 2/9
  1471 | D:2      | Reached XP level 5. HP: 17/28 MP: 2/10
  1675 | D:2      | Learned a level 5 spell: Lee's Rapid Deconstruction
  1744 | D:2      | Noticed Robin
  1783 | D:2      | Killed Robin
  1819 | D:2      | Reached XP level 6. HP: 31/32 MP: 8/11
  2606 | D:3      | Noticed Grinder
  2608 | D:3      | Paralysed by Grinder for 3 turns
  2617 | D:3      | HP: 14/32 [Grinder (4)]
  2620 | D:3      | HP: 6/32 [Grinder/nerve-wracking pain (6)]
  2622 | D:3      | Paralysed by Grinder for 7 turns
  2628 | D:3      | HP: 7/32 [Grinder (3)]
  2629 | D:3      | Killed Grinder
  2629 | D:3      | Reached skill level 7 in Earth Magic
  2629 | D:3      | Reached XP level 7. HP: 8/36 MP: 0/13
  3665 | D:4      | Found Pianobro's Antique Armour Shop.
  3700 | D:3      | HP: 17/36 [something/magic dart (7)]
  3706 | D:3      | HP: 17/36 [something/magic dart (3)]
  3710 | D:3      | Reached skill level 8 in Earth Magic
  4089 | D:4      | Found a burning altar of Makhleb.
  4143 | D:4      | Noticed an Executioner
  4146 | D:4      | Noticed a ynoxinul
  4146 | D:4      | Noticed a ynoxinul
  4241 | D:5      | Entered Level 5 of the Dungeon
  4288 | D:5      | Reached XP level 8. HP: 41/42 MP: 12/14
  4330 | D:5      | HP: 19/42 [ogre/giant club (10)]
  4380 | D:5      | Reached skill level 1 in Fighting
  4757 | D:5      | Reached skill level 9 in Earth Magic
  4949 | D:5      | Reached skill level 5 in Spellcasting
  5545 | D:6      | Reached skill level 1 in Maces & Flails
  5587 | D:6      | HP: 16/45 [ogre/giant club (23)]
  5684 | D:6      | Found a staircase to the Ecumenical Temple.
  5698 | Temple   | Entered the Ecumenical Temple
  5962 | Temple   | Became a worshipper of Sif Muna the Loreminder
  5993 | D:6      | Reached skill level 5 in Conjurations
  6006 | D:6      | Reached XP level 9. HP: 50/50 MP: 0/16
  6274 | D:6      | Reached skill level 1 in Invocations
  6331 | D:6      | Reached skill level 10 in Earth Magic
  6371 | D:6      | Gained mutation: You have an increased reservoir of magic. (+10% MP) [mutagenic meat]
  6372 | D:6      | Gained mutation: You are clumsy. (Dex -2) [mutagenic meat]
  6482 | D:6      | Noticed a two-headed ogre
  6486 | D:6      | Killed a two-headed ogre
  6486 | D:6      | Reached * piety under Sif Muna
  6720 | D:6      | Noticed a hornet
  6724 | D:6      | Killed a hornet
  6905 | D:7      | Noticed furman's ghost (novice TeFi)
  6917 | D:7      | Killed furman's ghost
  6917 | D:7      | Reached skill level 11 in Earth Magic
  6917 | D:7      | Reached XP level 10. HP: 44/58 MP: 0/21
  7062 | D:7      | Reached skill level 5 in Fighting
  7097 | D:7      | Noticed Pikel
  7131 | D:7      | Killed Pikel
  7302 | D:7      | Found a runed door.
  7530 | D:7      | Found Wolurryus's Armour Emporium.
  7622 | D:4      | Bought a brightly glowing scale mail for 234 gold pieces
  7632 | D:4      | Identified the +1 scale mail of Gielumaz {Dex+2 Slay+2} (You bought it in a shop on level 4 of the Dungeon)
  7900 | D:8      | Noticed Erica
  7911 | D:8      | Killed Erica
  7911 | D:8      | Reached ** piety under Sif Muna
  7911 | D:8      | Reached skill level 1 in Armour
  7952 | D:8      | Found a sparkling altar of Nemelex Xobeh.
  8138 | D:8      | Gained mutation: You are partially covered in thin metallic scales. (AC +2) [mutagenic meat]
  8139 | D:8      | Gained mutation: Your spells are a little harder to cast, but a little more powerful. [mutagenic meat]
  8159 | D:8      | Got a faintly humming helmet
  8170 | D:8      | Identified the +2 helmet of Inviolability {Str+4 Dex+3} (You found it on level 8 of the Dungeon)
  8200 | D:8      | Reached skill level 12 in Earth Magic
  8376 | D:8      | Reached skill level 5 in Maces & Flails
  8917 | D:9      | Reached XP level 11. HP: 60/64 MP: 15/23
  9051 | D:9      | Found a stormy altar of Qazlal.
  9086 | D:9      | Reached skill level 5 in Invocations
  9703 | D:10     | Entered Level 10 of the Dungeon
  9833 | D:10     | Noticed Fannar
  9851 | D:10     | HP: 32/66 [Fannar/Ozocubu's Refrigeration (15)]
  9871 | D:10     | Killed Fannar
 10640 | D:10     | Killed an unseen horror
 10640 | D:10     | Reached skill level 13 in Earth Magic
 10666 | D:10     | Noticed Joseph
 10675 | D:10     | Killed Joseph
 10677 | D:10     | Reached *** piety under Sif Muna
 11810 | D:11     | Noticed a two-headed ogre
 11819 | D:11     | Killed a two-headed ogre
 11918 | D:11     | Noticed a manticore
 11921 | D:11     | Killed a manticore
 11964 | D:11     | Reached XP level 12. HP: 71/73 MP: 9/25
 12190 | D:11     | Reached skill level 5 in Armour
 12405 | D:2      | Learned a level 4 spell: Petrify
 12592 | D:11     | Found a staircase to the Lair.
 12627 | Lair:1   | Entered Level 1 of the Lair of Beasts
 12934 | Lair:1   | Noticed Gastronok
 12939 | Lair:1   | Reached **** piety under Sif Muna
 12978 | Lair:1   | Killed Gastronok
 12978 | Lair:1   | Reached skill level 14 in Earth Magic
 13567 | Lair:1   | Noticed Sonja
 13568 | Lair:1   | Killed Sonja
 13572 | Lair:1   | Noticed a four-headed hydra
 13579 | Lair:1   | Killed a four-headed hydra
 14304 | Lair:2   | Reached XP level 13. HP: 62/80 MP: 7/28
 14596 | Lair:2   | HP: 39/80 [komodo dragon (17)]
 15075 | Lair:3   | Found a dark tunnel.
 15082 | Lair:3   | Reached skill level 15 in Earth Magic
 15138 | Volcano  | Entered a volcano
 15896 | Lair:3   | Learned a level 3 spell: Regeneration
 15904 | Lair:3   | Learned a level 2 spell: Shroud of Golubria
 15939 | Lair:3   | Noticed Nergalle
 15946 | Lair:3   | Killed Nergalle
 15946 | Lair:3   | Reached ***** piety under Sif Muna
 15946 | Lair:3   | Reached skill level 1 in Charms
 16139 | Lair:3   | Identified Sif Muna's Collected Works on the Blistering Oath (Sif Muna gifted it to you on level 3 of the Lair of Beasts)
 16139 | Lair:3   | Received a gift from Sif Muna
 16494 | Lair:3   | Found a staircase to the Shoals.
 16717 | Lair:3   | Reached skill level 1 in Necromancy
 17061 | Lair:4   | Found a labyrinth entrance.
 17068 | Lab      | Entered a labyrinth
 17211 | Lab      | Noticed a minotaur
 17220 | Lab      | Killed a minotaur
 17224 | Lab      | Got a wavering jade ring
 17227 | Lab      | Identified the ring of Neka {*Drain EV+4 Str+8 SInv} (You took it off a minotaur in a labyrinth)
 17403 | Lair:4   | Found a hole to the Spider Nest.
 17501 | Lair:4   | You fall through a shaft!
 18294 | Lair:6   | Entered Level 6 of the Lair of Beasts
 18619 | Lair:6   | HP: 35/80 [seven-headed hydra (9)]
 18721 | Lair:6   | Gained mutation: Your large and strong wings let you fly indefinitely. [Gargoyle growth]
 18721 | Lair:6   | Reached XP level 14. HP: 86/86 MP: 27/29
 19066 | Lair:6   | Reached skill level 16 in Earth Magic
 19510 | Lair:6   | Found a staircase to the Slime Pits.
 20286 | Lair:6   | Reached skill level 10 in Fighting
 20299 | Lair:6   | Identified Sif Muna's Volume of Cold (Sif Muna gifted it to you on level 6 of the Lair of Beasts)
 20299 | Lair:6   | Received a gift from Sif Muna
 20308 | Lair:6   | Noticed a dire elephant
 20310 | Lair:6   | Learned a level 6 spell: Bolt of Cold
 20330 | Lair:6   | Killed a dire elephant
 20468 | Lair:6   | Learned a level 6 spell: Freezing Cloud
 20556 | Lair:6   | Reached skill level 1 in Ice Magic
 21464 | D:11     | Learned a level 4 spell: Force Lance
 21775 | D:11     | Found a staircase to the Orcish Mines.
 22113 | D:11     | Reached skill level 1 in Shields
 22404 | D:12     | Found Numnuul's Antique Armour Boutique.
 22657 | D:12     | Found Hymmie Iqow's Weapon Emporium.
 22789 | D:12     | Found Jesteen's General Store.
 22909 | D:12     | Found Itasm's Antique Armour Boutique.
 22928 | D:12     | Bought a pair of embroidered boots for 270 gold pieces
 22977 | D:12     | Found Bupiosos's Gadget Shop.
 23319 | D:12     | Reached XP level 15. HP: 89/92 MP: 31/31
 23871 | Orc:1    | Entered Level 1 of the Orcish Mines
 24015 | Orc:1    | Identified Sif Muna's Collected Works on Aid and Clay (Sif Muna gifted it to you on level 1 of the Orcish Mines)
 24015 | Orc:1    | Received a gift from Sif Muna
 24619 | Orc:2    | Entered Level 2 of the Orcish Mines
 24881 | Orc:2    | Noticed Donald
 24885 | Orc:2    | Killed Donald
 24885 | Orc:2    | Reached skill level 10 in Spellcasting
 25229 | Orc:2    | Noticed an orc warlord
 25247 | Orc:2    | Killed an orc warlord
 25476 | Orc:2    | Learned a level 8 spell: Lehudib's Crystal Spear
 25560 | Orc:2    | Found Foceh's Gadget Emporium.
 25619 | Orc:2    | Found a roughly hewn altar of Beogh.
 25885 | Orc:2    | Found Xaryinit's Magic Scroll Shop.
 26070 | Orc:2    | Reached skill level 17 in Earth Magic
 26270 | Orc:2    | Found a staircase to the Elven Halls.
 27039 | Orc:2    | Found a roughly hewn altar of Beogh.
 27320 | Orc:2    | Found Jiwuh's Food Emporium.
 27330 | Orc:2    | Found Weypp's Gadget Shoppe.
 27621 | Orc:2    | Received a gift from Sif Muna
 27658 | Orc:2    | Identified Sif Muna's Incunabulum of Transmigration and Self-Knowledge (Sif Muna gifted it to you on level 2 of the Orcish Mines)
 28060 | D:12     | Bought a +0 demon whip for 255 gold pieces
 28367 | D:13     | Reached XP level 16. HP: 99/99 MP: 23/33
 28395 | D:13     | Reached skill level 5 in Ice Magic
 28582 | D:13     | Found a stormy altar of Qazlal.
 28931 | D:13     | Reached skill level 10 in Maces & Flails
 29085 | D:13     | Found a gate to the Vaults.
 29770 | D:14     | Noticed Agrougrou's ghost (journeyman BaFi)
 29786 | D:14     | Killed Agrougrou's ghost
 30528 | D:15     | Entered Level 15 of the Dungeon
 30533 | D:15     | Reached skill level 10 in Conjurations
 30703 | D:15     | Identified Sif Muna's Disquisition on Dusty Flames (Sif Muna gifted it to you on level 15 of the Dungeon)
 30703 | D:15     | Received a gift from Sif Muna
 30808 | D:15     | Learned a level 3 spell: Conjure Flame
 30817 | D:15     | Learned a level 6 spell: Iron Shot
 30915 | D:15     | Reached skill level 18 in Earth Magic
 31029 | D:15     | Found a staircase to the Depths.
 31606 | D:15     | Noticed Agnes
 31628 | D:15     | Killed Agnes
 32631 | Spider:1 | Entered Level 1 of the Spider Nest
 32930 | Spider:1 | Reached XP level 17. HP: 93/106 MP: 8/35
 33141 | Spider:1 | Noticed ThereIsNoGod's ghost (journeyman GrBe)
 33170 | Spider:1 | Killed ThereIsNoGod's ghost
 33565 | Spider:1 | Identified Sif Muna's Almanac of the Evil Snowflakes (Sif Muna gifted it to you on level 1 of the Spider Nest)
 33565 | Spider:1 | Received a gift from Sif Muna
 33718 | Spider:1 | Noticed ThereIsNoGod's ghost (journeyman GrBe)
 33733 | Spider:1 | Killed ThereIsNoGod's ghost
 35395 | Spider:1 | HP: 42/106 [wolf spider (14)]
 35401 | Spider:1 | HP: 48/106 [demonic crawler (3)]
 36990 | Spider:3 | Identified the +5 ring mail of the Endless Expanse {rElec rF+} (You found it on level 3 of the Spider Nest)
 37491 | Spider:3 | Reached skill level 19 in Earth Magic
 37630 | Spider:3 | Identified Sif Muna's Guide on Arcane Weapons (Sif Muna gifted it to you on level 3 of the Spider Nest)
 37630 | Spider:3 | Received a gift from Sif Muna
 37826 | Spider:4 | Entered Level 4 of the Spider Nest
 37953 | Spider:3 | Learned a level 9 spell: Shatter
 38018 | Spider:4 | Reached skill level 1 in Transmutations
 38411 | Spider:4 | HP: 45/108 [tarantella (11)]
 38419 | Spider:4 | HP: 36/108 [tarantella (2)]
 38442 | Spider:4 | HP: 36/108 [jumping spider (13)]
 38615 | Spider:4 | Reached XP level 18. HP: 112/112 MP: 27/37
 38678 | Spider:4 | Noticed Arachne
 38690 | Spider:4 | Killed Arachne
 38698 | Spider:4 | HP: 51/112 [wolf spider (11)]
 38706 | Spider:4 | HP: 51/112 [wolf spider (4)]
 38712 | Spider:4 | HP: 39/112 [wolf spider (7)]
 38718 | Spider:4 | HP: 33/112 [wolf spider (1)]
 38740 | Spider:4 | HP: 35/112 [jumping spider (3)]
 39220 | Spider:4 | Identified Sif Muna's Incunabulum of the Gliding Rocks (Sif Muna gifted it to you on level 4 of the Spider Nest)
 39220 | Spider:4 | Received a gift from Sif Muna
 39220 | Spider:4 | HP: 54/113 [spark wasp (15)]
 39225 | Spider:4 | HP: 35/113 [redback (3)]
 39258 | Spider:4 | HP: 45/113 [wolf spider (11)]
 39272 | Spider:4 | HP: 40/113 [wolf spider (10)]
 39278 | Spider:4 | HP: 33/113 [wolf spider (6)]
 39303 | Spider:4 | HP: 47/113 [jumping spider (2)]
 39670 | Spider:4 | HP: 53/113 [emperor scorpion (9)]
 39678 | Spider:4 | HP: 45/113 [emperor scorpion (7)]
 40126 | Spider:4 | HP: 52/113 [tarantella (11)]
 40135 | Spider:4 | HP: 41/113 [tarantella (5)]
 40151 | Spider:4 | HP: 54/113 [redback (3)]
 40163 | Spider:3 | HP: 53/113 [hornet (9)]
 40931 | Spider:4 | Reached skill level 20 in Earth Magic
 41106 | Spider:4 | HP: 50/114 [disintegration (52)]
 41240 | Spider:4 | Learned a level 2 spell: Swiftness
 41259 | Spider:4 | Got a gossamer rune of Zot
 41595 | Shoals:1 | Entered Level 1 of the Shoals
 42192 | Shoals:1 | Noticed Josephine
 42196 | Shoals:1 | Killed Josephine
 42974 | Shoals:2 | Received a gift from Sif Muna
 43016 | Shoals:2 | HP: 49/114 [harpy (12)]
 43933 | Shoals:2 | Reached XP level 19. HP: 98/119 MP: 9/39
 44774 | Shoals:3 | Noticed ThereIsNoGod's ghost (adept GrFi)
 44792 | Shoals:3 | Killed ThereIsNoGod's ghost
 45120 | Shoals:3 | Noticed Kirke
 45161 | Shoals:3 | Killed Kirke
 45559 | Shoals:3 | HP: 58/120 [harpy (14)]
 46278 | Shoals:4 | Entered Level 4 of the Shoals
 46280 | Shoals:4 | Received a gift from Sif Muna
 46308 | Shoals:4 | Learned a level 2 spell: Blink
 46310 | Shoals:4 | Learned a level 1 spell: Summon Butterflies
 46436 | Shoals:4 | Reached skill level 1 in Summonings
 46482 | Shoals:4 | HP: 45/120 [merfolk impaler/trident of protection (23)]
 46484 | Shoals:4 | HP: 6/120 [merfolk impaler/trident of protection (17)]
 46560 | Shoals:4 | HP: 60/120 [merfolk javelineer/poisoned javelin (10)]
 46570 | Shoals:4 | HP: 44/120 [merfolk javelineer/spear of distortion (10)]
 46578 | Shoals:4 | HP: 29/120 [merfolk javelineer/javelin (14)]
 46949 | Vaults:1 | Entered Level 1 of the Vaults
 46979 | Vaults:1 | Reached skill level 1 in Translocations
 47287 | Vaults:1 | Identified a scroll of acquirement
 48016 | Vaults:1 | Reached skill level 21 in Earth Magic
 48256 | Vaults:1 | Reached ****** piety under Sif Muna
 48259 | Vaults:1 | Identified Sif Muna's Papyrus of Relativism (Sif Muna gifted it to you on level 1 of the Vaults)
 48259 | Vaults:1 | Received a gift from Sif Muna
 48617 | Vaults:1 | Reached XP level 20. HP: 118/127 MP: 37/42
 48747 | Vaults:1 | HP: 58/127 [freezing wraith (23)]
 48863 | Vaults:1 | Found Tafa's Food Shop.
 49703 | Vaults:2 | Got a slimy jade amulet
 49746 | Vaults:2 | Identified the amulet of Haixyhog {Harm *Drain Int+3 SInv} (You took it off a yaktaur on level 2 of the Vaults)
 50150 | Vaults:2 | Noticed Bai Suzhen
 50155 | Vaults:2 | Killed Bai Suzhen
 50155 | Vaults:2 | Reached skill level 15 in Conjurations
 50163 | Vaults:2 | HP: 56/127 [mirror damage (33)]
 50168 | Vaults:2 | HP: 43/127 [shadow wraith (14)]
 50205 | Vaults:2 | HP: 37/127 [yaktaur/bolt (16)]
 50208 | Vaults:2 | HP: 18/127 [yaktaur/bolt (11)]
 50915 | Vaults:2 | Identified the +1 ring mail of Negligence {rPois Str+2 Dex-2} (You found it on level 2 of the Vaults)
 51366 | Vaults:2 | Identified Sif Muna's Almanac of Confrontation (Sif Muna gifted it to you on level 2 of the Vaults)
 51366 | Vaults:2 | Received a gift from Sif Muna
 51842 | Vaults:2 | Found a staircase to the Crypt.
 52304 | Vaults:3 | Identified the +1 chain mail of the Dropbear {MR+} (You found it on level 3 of the Vaults)
 52737 | Vaults:3 | Identified Vadugamn's Papyrus of Protection
 52900 | Vaults:3 | HP: 55/128 [deep troll[an ironheart preserver] (19)]
 53131 | Vaults:3 | Reached skill level 15 in Spellcasting
 53170 | Vaults:3 | HP: 46/128 [frost giant/bolt of cold (26)]
 53179 | Vaults:3 | HP: 39/128 [yaktaur[a yaktaur captain] (8)]
 53855 | Vaults:3 | Reached XP level 21. HP: 114/132 MP: 14/44
 53922 | Vaults:3 | Received a gift from Sif Muna
 53923 | Vaults:3 | Identified Sif Muna's Incunabulum of the Compass and the Escort (Sif Muna gifted it to you on level 3 of the Vaults)
 54086 | Vaults:3 | Reached skill level 22 in Earth Magic
 54261 | Vaults:3 | HP: 65/132 [phantasmal warrior (8)]
 54284 | Vaults:3 | HP: 59/132 [phantasmal warrior (11)]
 55778 | Vaults:4 | HP: 61/133 [fire giant/fireball (16)]
 55987 | Vaults:4 | Found Xiepasun's Gadget Boutique.
 56539 | Vaults:4 | Reached skill level 15 in Fighting
 56564 | Vaults:4 | Identified Sif Muna's Incunabulum of Destructive Unholy Rites (Sif Muna gifted it to you on level 4 of the Vaults)
 56564 | Vaults:4 | Received a gift from Sif Muna
 56605 | Vaults:4 | Learned a level 1 spell: Apportation
 57148 | Vaults:4 | Reached skill level 15 in Maces & Flails
 57491 | Vaults:3 | Reached XP level 22. HP: 112/140 MP: 33/46
 58689 | Shoals:4 | Learned a level 7 spell: Orb of Destruction
 58787 | Shoals:4 | Reached skill level 23 in Earth Magic
 58811 | Shoals:4 | Identified Sif Muna's Catalogue of Earthen Darkness (Sif Muna gifted it to you on level 4 of the Shoals)
 58811 | Shoals:4 | Received a gift from Sif Muna
 58848 | Shoals:4 | Identified the cursed +0 leather armour of Hooxiofu {Stlth+} (You took it off a merfolk siren on level 4 of the Shoals)
 58889 | Shoals:4 | Noticed Ilsuiw
 58897 | Shoals:4 | Killed Ilsuiw
 59941 | Shoals:4 | Got a barnacled rune of Zot
 60306 | Depths:1 | Entered Level 1 of the Depths
 60312 | Depths:1 | Found Foskyrhi's Antique Armour Boutique.
 60319 | Depths:1 | Noticed a juggernaut
 60320 | Depths:1 | HP: 57/140 [yaktaur/bolt (17)]
 60326 | Depths:1 | Noticed the Enchantress
 60327 | Depths:1 | HP: 51/140 [centaur warrior/arrow (2)]
 60333 | Depths:1 | HP: 18/140 [yaktaur captain/bolt (29)]
 60346 | Depths:2 | HP: 33/140 [deep troll (10)]
 60351 | Depths:2 | HP: 30/140 [deep troll shaman (13)]
 60358 | Depths:2 | HP: 38/140 [centaur/arrow[a centaur warrior] (6)]
 60433 | Depths:2 | Paralysed by a floating eye for 3 turns
 60562 | Depths:1 | HP: 70/141 [juggernaut (7)]
 60568 | Depths:1 | HP: 65/141 [juggernaut (7)]
 60571 | Depths:1 | Killed a juggernaut
 60576 | Depths:1 | HP: 34/141 [deep troll earth mage/Lee's Rapid Deconstruction (18)]
 60630 | Depths:1 | Found a gateway to Hell.
 60630 | Depths:1 | HP: 57/141 [deep troll earth mage/Lee's Rapid Deconstruction (22)]
 60631 | Depths:1 | HP: 26/141 [deep troll earth mage/Lee's Rapid Deconstruction (37)]
 60645 | Depths:1 | HP: 26/141 [deep troll (13)]
 60831 | Depths:1 | Found Suof's Antique Armour Emporium.
 60838 | Depths:1 | HP: 51/141 [reflected bolt (90)]
 60841 | Depths:1 | Killed the Enchantress
 60843 | Depths:1 | HP: 57/141 [spark wasp/living lightning (6)]
 60847 | Depths:1 | HP: 27/141 [spark wasp (14)]
 60848 | Depths:1 | HP: 9/141 [spark wasp (18)]
 60849 | Depths:1 | Slain by a spark wasp

Skill      XL: |  1  2  3  4  5  6  7  8  9 10 11 12 13 14 15 16 17 18 19 20 21 22 |
---------------+-------------------------------------------------------------------+-----
Earth Magic    | 4 6 7 8 9 11 12 13 14 15 16 17 18 19 20 21 22 23 | 23.4
Spellcasting   | 3 4 5 6 7 8 9 10 11 12 13 14 15 16 | 16.7
Conjurations   | 2 3 5 6 8 10 12 13 14 16 17 | 17.0
Fighting       | 3 4 6 7 8 9 10 11 12 13 14 15 | 15.7
Maces & Flails | 1 3 5 6 7 8 9 11 12 13 15 | 15.7
Invocations    | 3 4 5 6 7 8 |  8.0
Armour         | 2 4 6 7 8 |  8.6
Charms         | 3 4 |  4.9
Necromancy     | 1 |  1.3
Ice Magic      | 3 4 5 |  5.2
Dodging        | 2 3 4 |  4.7
Shields        | 2 4 |  4.3
Transmutations | 1 |  1.0
Summonings     | 2 |  2.0
Translocations | 1 |  1.0
Stealth        | |  2.1

Action                   |  1- 3 |  4- 6 |  7- 9 | 10-12 | 13-15 | 16-18 | 19-21 | 22-24 || total
-------------------------+-------+-------+-------+-------+-------+-------+-------+-------++-------
Melee: Dagger            |    25 |       |       |       |       |       |       |       ||    25
       Unarmed           |     8 |       |       |       |       |       |       |       ||     8
       Short sword       |    26 |   157 |    60 |       |       |       |       |       ||   243
       Mace              |    12 |       |       |       |       |       |       |       ||    12
       Whip              |     2 |       |       |   545 |   230 |       |       |       ||   777
       Long sword        |       |       |   199 |       |       |       |       |       ||   199
       Morningstar       |       |       |    65 |    29 |       |       |       |       ||    94
       Staff             |       |       |       |       |   751 |   549 |    44 |     5 ||  1349
       Flail             |       |       |       |       |   287 |     2 |       |       ||   289
       Demon whip        |       |       |       |       |       |   870 |   899 |   408 ||  2177
 Cast: Sandblast         |    11 |     7 |    36 |    24 |    22 |    84 |       |       ||   184
       Stone Arrow       |       |     6 |    38 |    91 |   226 |   438 |   213 |    38 ||  1050
       Lee's Rapid Decon |       |       |    12 |    42 |   174 |   123 |   152 |    25 ||   528
       Petrify           |       |       |       |     3 |     4 |       |       |       ||     7
       Iron Shot         |       |       |       |       |       |    74 |   108 |    20 ||   202
       Passwall          |       |       |       |       |       |     2 |       |       ||     2
       Conjure Flame     |       |       |       |       |       |     1 |       |       ||     1
       Regeneration      |       |       |       |       |       |     1 |       |     1 ||     2
       Swiftness         |       |       |       |       |       |     3 |     6 |     1 ||    10
       Summon Butterflie |       |       |       |       |       |       |     3 |       ||     3
       Lehudib's Crystal |       |       |       |       |       |       |     8 |     5 ||    13
       Shatter           |       |       |       |       |       |       |     1 |    12 ||    13
       Blink             |       |       |       |       |       |       |     1 |     1 ||     2
Invok: Divine Energy     |       |       |     1 |       |       |       |       |       ||     1
       Channel Magic     |       |       |       |       |     1 |       |       |       ||     1
       Forget Spell      |       |       |       |       |       |     2 |       |       ||     2
 Abil: Fly               |       |       |       |       |     1 |       |       |       ||     1
Evoke: Wand              |       |       |       |       |     2 |       |       |     1 ||     3
  Use: Scroll            |       |     7 |    11 |    12 |    14 |    14 |    17 |     5 ||    80
       Potion            |       |       |       |       |       |     1 |     1 |     9 ||    11
 Stab: Sleeping          |     3 |     3 |     2 |    10 |     2 |       |     1 |       ||    21
       Distracted        |       |     1 |       |       |       |       |     1 |       ||     2
       Petrified         |       |       |       |       |     1 |       |       |       ||     1
  Eat: Chunk             |     2 |     4 |    22 |    31 |    77 |    75 |    65 |    19 ||   295
       Fruit             |       |       |     1 |     3 |     4 |    13 |     4 |       ||    25
       Bread ration      |       |       |       |     1 |       |       |       |       ||     1
       Royal jelly       |       |       |       |       |       |       |     2 |     1 ||     3
Armor: Robe              |    36 |    45 |   219 |   162 |       |   104 |   341 |       ||   907
       Ring mail         |       |    35 |       |       |       |   783 |   146 |   266 ||  1230
       Scale mail        |       |       |       |   284 |   779 |   720 |       |       ||  1783
Dodge: Dodged            |    53 |   105 |   295 |   271 |   975 |  1789 |   548 |   327 ||  4363
Block: Buckler           |       |       |       |       |   160 |   500 |   168 |    73 ||   901
       Rpst.: Long sword |       |       |    57 |       |       |       |       |       ||    57
